 Dungeon Crawl Stone Soup version 0.29.0-4-gdea44cf6ec (webtiles) character file.

Game seed: 3561721197911280067

81 qw the Chopper (level 4, -4/28 HPs)
             Began as a Gargoyle Fighter on Sept 6, 2022.
             Slain by Grinder (6 damage)
             ... while paralysed by Grinder
             ... on level 3 of the Dungeon.
             The game lasted 00:01:14 (2710 turns).

qw the Chopper (Gargoyle Fighter)                   Turns: 2710, Time: 00:01:14

Health: -4/28      AC: 14    Str: 21    XL:     4   Next: 42%
Magic:  4/4        EV: -1    Int:  9    God:
Gold:   217        SH:  0    Dex:  9    Spells: 3/3 levels left

rFire   . . .      SeeInvis .   Y - +0 war axe
rCold   . . .      Faith    .   c - +0 buckler
rNeg    + . .      Spirit   .   h - +0 chain mail
rPois   inf        Reflect  .   g - +2 hat
rElec   +          Harm     .   (no cloak)
rCorr   .          Rampage  .   (no gloves)
Will    .....                   (no boots)
Stlth   ..........              (no amulet)
HPRegen 0.09/turn               (no ring)
MPRegen 0.09/turn               (no ring)

@: paralysed, constricted
A: sickness immunity, AC +3, negative energy resistance 1, electricity
resistance, torment resistance 1, petrification resistance
a: no special abilities


You were on level 3 of the Dungeon.
You visited 1 branch of the dungeon, and saw 3 of its levels.

You collected 217 gold pieces.


Innate Abilities, Weirdness & Mutations

You are immune to sickness and miasma.
Your stone body is resilient. (AC +3)
You are immune to poison.
You resist negative energy. (rN+)
You are resistant to electric shocks. (rElec)
You are resistant to unholy torment.
You are immune to petrification.


   Skills:
 - Level 3.2 Fighting
 + Level 4.1 Axes
 - Level 3.2 Armour
 - Level 3.2 Shields


You had 3 spell levels left.
You didn't know any spells.
Your spell library was empty.

Inventory:

Hand Weapons
 b - a +0 whip
 Y - a +0 war axe (weapon)
Armour
 c - a +0 buckler (worn)
 g - a +2 hat (worn)
 h - a +0 chain mail (worn)
Scrolls
 a - a scroll of identify
 e - 2 scrolls of amnesia {unknown}
Potions
 d - a potion of might
 j - a potion of curing {unknown}
 m - a potion of heal wounds {unknown}

Dungeon Overview and Level Annotations

Branches:
Dungeon (3/15)

Altars:

Annotations:
D:3 2 transporters, Grinder; qw's ghost, amateur BaCK


Message History

You slash Grinder!
Grinder is moderately wounded.
Grinder hits you.
You writhe in agony.
Grinder gestures at you. Pain shoots through your body!
You closely miss Grinder.
Grinder is moderately wounded.
Grinder hits you but does no damage.
You barely miss Grinder.
Grinder is moderately wounded.
Grinder hits you.
You writhe in agony.
You hit Grinder.
Grinder is heavily wounded.
Grinder gestures at you. Pain shoots through your body!
A ball python comes into view.
Grinder hits you but does no damage.
You completely miss Grinder.
Grinder is heavily wounded.
The ball python hisses angrily.
Grinder hits you.
You writhe in agony.
You barely miss Grinder.
Grinder is heavily wounded.
Grinder hits you but does no damage.
You slash Grinder!
Grinder is severely wounded.
Grinder hits you but does no damage. Grinder hits you.
You writhe in agony.
You completely miss Grinder.
Grinder is severely wounded.
Grinder hits you but does no damage. You block the ball python's attack.
The ball python grabs you. The ball python constricts you.
You hit the ball python but do no damage.
You hit Grinder. Grinder gestures at you.
You suddenly lose the ability to move!
The ball python bites you but does no damage.
The ball python constricts you.
The ball python bites you but does no damage.
The ball python constricts you. Grinder hits you.
You die...

#(###.......#.####.#
#.%#..........# .#
##<...........# .#
##...........# #.
###..........## ..
...........^.# .#
.............# .#
####.........####5###
.Jg##..........S@...#
#oW8#........###.####
.#.g#....[...# #.#
....#.......## #.#
....#^....)## #.%#
..#### ..... ..
#....... ..........
####........


You could see Grinder and a ball python.

Vanquished Creatures
  A gnoll (D:2)
  An adder (D:3)
  A dart slug (D:2)
  8 bats
  4 endoplasms (D:1)
  4 giant cockroaches
  6 goblins
  9 hobgoblins
  2 jackals (D:1)
  2 quokkas
  5 ball pythons
  4 frilled lizards
  5 kobolds
  3 rats
55 creatures vanquished.

Notes
Turn   | Place    | Note
-------+----------+-------------------------------------------
     0 | D:1      | qw the Gargoyle Fighter began the quest for the Orb.
     0 | D:1      | Reached XP level 1. HP: 14/14 MP: 1/1
     0 | D:1      | 0 ||| qw: Version: 0.1-a-107-g9ff403c
     0 | D:1      | 0 ||| qw: Game counter: 6108
     0 | D:1      | 0 ||| qw: Always use a shield: true
     0 | D:1      | 0 ||| qw: God list: Okawaru
     0 | D:1      | 0 ||| qw: Allow faded altars: false
     0 | D:1      | 0 ||| qw: Do Orc after D:15 true
     0 | D:1      | 0 ||| qw: Do second Lair branch before Depths: true
     0 | D:1      | 0 ||| qw: Lair rune preference: random
     0 | D:1      | 0 ||| qw: Plans: Normal, Zot, God:TSO, Crypt, Tomb, Zig,
                  | Orb
     0 | D:1      | 0 ||| PLANNING D:1-11
   206 | D:1      | Reached skill level 2 in Axes
   259 | D:1      | Reached XP level 2. HP: 17/19 MP: 2/2
   470 | D:1      | Reached skill level 3 in Axes
   494 | D:1      | Found a faded altar of an unknown god.
   598 | D:1      | Reached XP level 3. HP: 20/23 MP: 3/3
   698 | D:1      | 698 ||| Stepping ~*~*~tactically~*~*~ (stealth).
   699 | D:1      | 699 ||| Stepping ~*~*~tactically~*~*~ (stealth).
   783 | D:1      | 783 ||| Stepping ~*~*~tactically~*~*~ (stealth).
   789 | D:1      | 789 ||| Stepping ~*~*~tactically~*~*~ (stealth).
   791 | D:1      | 791 ||| Stepping ~*~*~tactically~*~*~ (stealth).
   802 | D:1      | 802 ||| Stepping ~*~*~tactically~*~*~ (stealth).
  1132 | D:1      | 1132 ||| UPGRADING to +0 chain mail.
  1142 | D:1      | 1142 ||| DROPPING +0 scale mail.
  1143 | D:1      | 1143 ||| READING 3 scrolls labelled SOISAO WOLIADD.
  1144 | D:1      | 1144 ||| READING scroll labelled RUMUTA AGHIB.
  1145 | D:1      | 1145 ||| READING scroll labelled JIRAIBB FATATA.
  1146 | D:1      | 1146 ||| READING 2 scrolls of identify.
  1146 | D:1      | 1146 ||| IDENTIFYING fuming black potion
  1147 | D:1      | 1147 ||| DROPPING potion of ambrosia.
  1288 | D:2      | 1288 ||| FLEEEEING.
  1333 | D:2      | 1333 ||| Stepping ~*~*~tactically~*~*~ (stealth).
  1334 | D:2      | 1334 ||| DROPPING +0 club.
  1338 | D:2      | 1338 ||| Stepping ~*~*~tactically~*~*~ (stealth).
  1380 | D:2      | Reached XP level 4. HP: 28/28 MP: 4/4
  1562 | D:2      | 1562 ||| Stepping ~*~*~tactically~*~*~ (stealth).
  1567 | D:2      | 1567 ||| Stepping ~*~*~tactically~*~*~ (stealth).
  1834 | D:2      | Reached skill level 4 in Axes
  2002 | D:2      | 2002 ||| UPGRADING to +2 hat.
  2007 | D:2      | 2007 ||| READING scroll labelled NYTUAZAOQU.
  2008 | D:2      | 2008 ||| READING 2 scrolls labelled REGUPSUN BAWI.
  2011 | D:2      | 2011 ||| READING scroll labelled ORUESHR LOPOA.
  2012 | D:2      | 2012 ||| READING scroll labelled GOCUBUOTRO.
  2060 | D:2      | 2060 ||| READING scroll labelled COSAEL UTTUES.
  2061 | D:2      | 2061 ||| READING scroll labelled OTHRACLUINUC.
  2070 | D:3      | Noticed Grinder
  2071 | D:3      | 2071 ||| Stepping ~*~*~tactically~*~*~ (hiding).
  2087 | D:3      | Paralysed by Grinder for 5 turns
  2093 | D:3      | 2093 ||| STAIRDANCE
  2290 | D:3      | Found a transporter.
  2292 | D:3      | Noticed qw's ghost (amateur BaCK)
  2293 | D:3      | Found a transporter.
  2295 | D:3      | Paralysed by Grinder for 3 turns
  2308 | D:3      | Paralysed by Grinder for 5 turns
  2314 | D:3      | HP: 4/28 [Grinder (8)]
  2315 | D:3      | 2315 ||| READING scroll of teleportation.
  2631 | D:3      | 2631 ||| Stepping ~*~*~tactically~*~*~ (stealth).
  2688 | D:3      | Paralysed by Grinder for 5 turns
  2696 | D:3      | 2696 ||| Stepping ~*~*~tactically~*~*~ (hiding).
  2707 | D:3      | HP: 6/28 [Grinder (5)]
  2709 | D:3      | Paralysed by Grinder for 4 turns
  2710 | D:3      | HP: 2/28 [constriction (1)]
  2710 | D:3      | Slain by Grinder

Levels and vault maps discovered:
D:1:      dpeg_arrival_triangle_fractal, layout_basic,
          chequers_ecumenical_altar_simple_redux, serial_curves, eino_curves_03,
          eino_curves_03, serial_park_tiny_1
D:2:      layout_loops_ring, minmay_between
D:3:      layout_rooms, gammafunk_ghost_arena, minmay_ogre_servants,
          uniq_grinder, uniq_sigmund

Skill      XL: |  1  2  3  4 |
---------------+-------------+-----
Axes           | 2 3 4 |  4.1
Fighting       | |  3.2
Armour         | |  3.2
Shields        | |  3.2

Action                   |  1- 3 |  4- 6 || total
-------------------------+-------+-------++-------
Melee: War axe           |   114 |   102 ||   216
  Use: Scroll            |     4 |     7 ||    11
Armor: Scale mail        |    56 |       ||    56
       Chain mail        |    18 |    76 ||    94
Dodge: Dodged            |    44 |    35 ||    79
Block: Buckler           |    23 |    16 ||    39

Table legend:
 A = Non-vault XP
 B = Vault XP
 C = Vault XP percentage of total XP
 D = Non-vault monster count
 E = Vault monster count
 F = Vault count percentage of total count
                 A         B        C        D         E       F
            +---------+---------+-------+---------+---------+-------
      Total |      96 |      21 |  17.9 |      51 |       4 |   7.3
            +---------+---------+-------+---------+---------+-------
        D:1 |      49 |       0 |   0.0 |      30 |       0 |   0.0
        D:2 |      29 |      21 |  42.0 |      17 |       4 |  19.0
        D:3 |      18 |       0 |   0.0 |       4 |       0 |   0.0
            +---------+---------+-------+---------+---------+-------
